 Dungeon Crawl Stone Soup version 0.29.1-12-g30fa7ad0bf (webtiles) character file.

Game seed: 751871848590512575

30 booth the Changer (level 3, -8/25 HPs)
             Began as a Gnoll Wanderer on Jan 15, 2023.
             Was a Follower of the Shining One.
             Mangled by a river rat (9 damage)
             ... on level 2 of the Dungeon.
             The game lasted 00:10:43 (1378 turns).

booth the Changer (Gnoll Wanderer)                  Turns: 1378, Time: 00:10:44

Health: -8/25      AC:  2    Str: 11    XL:     3   Next: 18%
Magic:  2/7        EV: 11    Int: 11    God:    the Shining One [*.....]
Gold:   64         SH:  6    Dex: 13    Spells: 5/7 levels left

rFire   . . .      SeeInvis .   i - +1 dagger (flame)
rCold   . . .      Faith    .   (no shield)
rNeg    . . .      Spirit   .   c - +0 robe
rPois   .          Reflect  .   (no helmet)
rElec   .          Harm     .   (no cloak)
rCorr   .          Rampage  .   (no gloves)
Will    .....                   (no boots)
Stlth   +.........              (no amulet)
HPRegen 0.08/turn               (no ring)
MPRegen 0.10/turn               (no ring)

@: divinely shielded, glowing
A: fangs 1, strong nose, distributed training
a: Renounce Religion, Divine Shield


You were on level 2 of the Dungeon.
You worshipped the Shining One.
The Shining One was aware of your devotion.
You visited 1 branch of the dungeon, and saw 2 of its levels.

You collected 64 gold pieces.

Inventory:

Hand Weapons
 i - a +1 dagger of flaming (weapon)
Armour
 c - a +0 robe (worn)
Wands
 d - a wand of polymorph (6) (quivered)
Potions
 a - a potion of haste {unknown}
 b - a potion of attraction
 e - a potion of flight {unknown}
 f - a potion of invisibility {unknown}
 g - 2 potions of curing
 h - a potion of heal wounds {unknown}


   Skills:
 + Level 0.7 Fighting
 + Level 0.7 Short Blades
 + Level 0.7 Long Blades
 + Level 0.7 Axes
 + Level 0.7 Maces & Flails
 + Level 0.7 Polearms
 + Level 0.7 Staves
 + Level 0.7 Ranged Weapons
 + Level 0.7 Throwing
 + Level 0.7 Armour
 + Level 0.7 Dodging
 + Level 4.1 Stealth
 + Level 0.7 Shields
 + Level 0.7 Unarmed Combat
 + Level 2.8 Spellcasting
 + Level 0.5 Conjurations
 + Level 0.5 Hexes
 + Level 0.5 Summonings
 + Level 0.5 Necromancy
 + Level 0.5 Translocations
 + Level 7.1 Transmutations
 + Level 0.5 Fire Magic
 + Level 2.1 Ice Magic
 + Level 0.5 Air Magic
 + Level 0.5 Earth Magic
 + Level 0.5 Poison Magic
 + Level 0.9 Invocations
 + Level 4.5 Evocations


You had 5 spell levels left.
You knew the following spells:

 Your Spells              Type           Power      Damage    Failure   Level
a - Sting                 Tmut/Pois      36%        1d4       5%          1
b - Freeze                Ice            24%        1d5       11%         1

Your spell library contained the following spells:

 Spells                   Type           Power      Damage    Failure   Level
 Wereblood                Tmut           17%        N/A       2%          2
 Spider Form              Tmut/Pois      9%         N/A       17%         3
 Ozocubu's Armour         Ice            6%         N/A       32%         3


Dungeon Overview and Level Annotations

Branches:
Dungeon (2/15)

Altars:
The Shining One


Innate Abilities, Weirdness & Mutations

You have very sharp teeth.
Your uncanny sense of smell can sniff out nearby items.
Your experience applies equally to all skills.


Message History

You hit the gnoll but do no damage. You bite the gnoll, but do no damage.
You block the gnoll's attack.
You hit the gnoll. You burn the gnoll. You bite the gnoll, but do no damage.
The gnoll is moderately wounded.
The gnoll looks more healthy.
The gnoll closely misses you.
Casting: Sting (safe; 5% risk of failure)
Confirm with . or Enter, or press ? or * to list all spells.
Aiming: Sting (safe; 5% risk of failure)
Press: ? - help, Shift-Dir - straight line, f/p - gnoll
Aim: a gnoll, wielding a +0 halberd (moderately wounded, haloed, 82% to hit)
The sting hits the gnoll.
The gnoll is poisoned.
The gnoll is heavily wounded.
The gnoll hits you with a +0 halberd!
* * * LOW HITPOINT WARNING * * *
It was a potion of curing.
You feel better. The gnoll hits you with a +0 halberd.
* * * LOW HITPOINT WARNING * * *
You aren't carrying any scrolls.
Aiming: Polymorph
Press: ? - help, Shift-Dir - straight line, f/p - gnoll
Aim: a gnoll, wielding a +0 halberd (heavily wounded, poisoned, haloed, will become an endoplasm, a kobold, or a river rat, chance to affect: 68%)
The gnoll evaporates and reforms as a river rat!
The river rat barely misses you.
You hit the river rat but do no damage. The river rat barely misses you.
You hit the river rat but do no damage. The river rat closely misses you.
Casting: Sting (safe; 5% risk of failure)
Confirm with . or Enter, or press ? or * to list all spells.
Aiming: Sting (safe; 5% risk of failure)
Press: ? - help, Shift-Dir - straight line, f/p - river rat
Aim: a river rat (haloed, 77% to hit)
The sting hits the river rat but does no damage.
The river rat is poisoned.
The river rat bites you.
* * * LOW HITPOINT WARNING * * *
You open the door.
A frilled lizard comes into view.
You block the river rat's attack. The river rat barely misses you.
There is an open door here.
The river rat attacks as you move away! The river rat bites you!
You die...

##..# ...
#...# ....
#.#†#
...###.#.#
#.....#.#
#.....#K#
..#.....#g#
##......#.#
.....l.@r.#
#.......#.#
#.#.....###
#######


You could see a river rat (poisoned) and a frilled lizard.

Vanquished Creatures
  2 ball pythons (D:1)
  An endoplasm (D:1)
  2 giant cockroaches (D:1)
  4 goblins (D:1)
  5 hobgoblins (D:1)
  A kobold (D:2)
  A quokka (D:1)
  3 bats (D:1)
  A frilled lizard (D:1)
  7 rats
27 creatures vanquished.

Notes
Turn   | Place    | Note
-------+----------+-------------------------------------------
     0 | D:1      | booth the Gnoll Wanderer began the quest for the Orb.
     0 | D:1      | booth set off with the following items: a +0 dagger, a
                  | potion of attraction, a +0 robe, a wand of polymorph (7);
                  | and the following spells available to memorise: Wereblood,
                  | Sting, Freeze, Spider Form, Ozocubu's Armour.
     0 | D:1      | Reached XP level 1. HP: 13/13 MP: 4/4
     2 | D:1      | Learned a level 1 spell: Sting
    19 | D:1      | Learned a level 1 spell: Freeze
   222 | D:1      | Reached XP level 2. HP: 14/19 MP: 3/5
   635 | D:1      | Found a faded altar of an unknown god.
   648 | D:1      | Prayed at the altar of an unknown god.
   648 | D:1      | Became a worshipper of the Shining One
   648 | D:1      | Reached * piety under the Shining One
   785 | D:1      | Reached XP level 3. HP: 25/25 MP: 7/7
  1367 | D:2      | HP: 1/25 [gnoll/+0 halberd (11)]
  1373 | D:2      | HP: 1/25 [river rat (5)]
  1378 | D:2      | Mangled by a river rat

Illustrated notes

Levels and vault maps discovered:
D:1:      dpeg_arrival_ternary, layout_basic, basic_ecumenical_altar
D:2:      layout_basic, uniq_natasha

Skill      XL: |  1 |
---------------+----+-----
Ice Magic      | 2 |  2.1
Fighting       | |  0.7
Short Blades   | |  0.7
Long Blades    | |  0.7
Axes           | |  0.7
Maces & Flails | |  0.7
Polearms       | |  0.7
Staves         | |  0.7
Ranged Weapons | |  0.7
Throwing       | |  0.7
Armour         | |  0.7
Dodging        | |  0.7
Stealth        | |  4.1
Shields        | |  0.7
Unarmed Combat | |  0.7
Spellcasting   | |  2.8
Conjurations   | |  0.5
Hexes          | |  0.5
Summonings     | |  0.5
Necromancy     | |  0.5
Translocations | |  0.5
Transmutations | |  7.1
Fire Magic     | |  0.5
Air Magic      | |  0.5
Earth Magic    | |  0.5
Poison Magic   | |  0.5
Invocations    | |  0.9
Evocations     | |  4.5

Action                   || total
-------------------------++-------
Melee: Dagger            ||    49
       Bite              ||     4
 Cast: Sting             ||    32
Invok: Divine Shield     ||     1
Evoke: Wand              ||     1
  Use: Scroll            ||     1
       Potion            ||     1
Armor: Robe              ||    19
Dodge: Dodged            ||    48
Block: Other             ||     2
